AoeStats
← Z

QS Arena

503515091Analyzed
1v1 RM · 1mo ago on Sep 1, 2026· 31m 53s· 2 players
Game mode
Random Map
Map size
Tiny (2 player)
Population
200
Speed
Normal
Resources
Standard
Victory
Conquest
Starting age
Dark Age
Ending age
Imperial Age
RankedLock teamsTeams togetherTeam positionsShared explorationLock speedFull tech treeHidden civsTurbo modeCheats
Victory
Defeat
🇦🇷 Italians · Argentina
1639
+15
🇨🇳 Maya · China
1615
-15
Z
9:51 Feudal Age
11:26 Double-Bit Axe
13:53 Castle Age
12:05 Gold Mining
12:00 Horse Collar
13:22 Loom
14:49 Bow Saw
16:36 Wheelbarrow
20:42 Fletching
25:25 Imperial Age
23:18 Bodkin Arrow
23:59 Padded Archer Armor
24:57 Leather Archer Armor
26:32 Conscription
27:12 Bracer
28:23 Chemistry
29:18 Elite Plumed Archer
31:17 Ring Archer Armor
Sacachispas
8:23 Feudal Age
11:56 Castle Age
9:57 Double-Bit Axe
9:58 Horse Collar
13:01 Bow Saw
13:29 Gold Mining
15:43 Loom
18:44 Wheelbarrow
22:06 Imperial Age
20:44 Elite Skirmisher
21:38 Fletching
21:49 Padded Archer Armor
23:48 Chemistry
23:11 Bodkin Arrow
24:19 Ballistics
27:15 Bracer
28:59 Leather Archer Armor
30:44 Hand Cart
31:29 Ring Archer Armor
Connection lost

Rejoining the realm…

Still unreachable

The connection could not be restored.

Session expired

The server has moved on; the page needs a fresh start.